 Dungeon Crawl Stone Soup version 0.28-a0-1234-g826d19b2e0 (webtiles) character file.

Game seed: 11620376928466682723

357 versacejumpsuit the Chopper (level 6, -4/53 HPs)
             Began as a Minotaur Fighter on Dec 24, 2021.
             Was an Initiate of Gozag.
             Slain by an ogre (6 damage)
             ... on level 4 of the Dungeon.
             The game lasted 00:19:25 (3406 turns).

versacejumpsuit the Chopper (Minotaur Fighter)      Turns: 3406, Time: 00:19:43

Health: -4/53      AC:  7    Str: 23    XL:     6   Next: 36%
Magic:  5/5        EV: 10    Int:  5    God:    Gozag
Gold:   372        SH:  4    Dex:  9    Spells: 5/5 levels left

rFire   + . .      SeeInvis .   a - +0 war axe
rCold   . . .      Faith    .   c - +0 buckler
rNeg    . . .      Spirit   .   b - +0 scale mail
rPois   .          Reflect  .   (helmet restricted)
rElec   .          Harm     .   (no cloak)
rCorr   .          Rampage  .   (no gloves)
Will    .....                   (no boots)
Stlth   ..........              (no amulet)
HPRegen 0.17/turn               w - ring of protection from fire
MPRegen 0.09/turn               (no ring)

@: no status effects
A: horns 2, retaliatory headbutt
a: Renounce Religion, Potion Petition, Call Merchant, Bribe Branch


You were on level 4 of the Dungeon.
You worshipped Gozag.
Gozag was aware of your devotion.
You visited 1 branch of the dungeon, and saw 4 of its levels.

You collected 708 gold pieces.
You spent 336 gold pieces at shops.

Inventory:

Hand Weapons
 a - a +0 war axe (weapon)
 g - a +0 dagger
 h - a +0 club
 j - a +0 short sword
 l - a +0 club
 m - a +0 club
 n - a +0 whip
 o - a +0 club
 t - a +0 flail
 z - a +6 club
 E - the +6 bardiche of Dishonour {flame, Int+3 Dex+3}
   (You bought it in a shop on level 4 of the Dungeon)

   It burns those it strikes, dealing additional fire damage.
   Big, fiery blades are also staple armaments of hydra-hunters.
   Int:       It affects your intelligence (+3).
   Dex:       It affects your dexterity (+3).
Missiles
 k - 67 stones (quivered)
 u - 66 arrows
 v - 6 curare-tipped darts
Armour
 b - a +0 scale mail (worn)
 c - a +0 buckler (worn)
 f - a +0 leather armour
 x - a +0 ring mail
Jewellery
 w - a ring of protection from fire (left hand)
 B - a ring of protection from cold
Wands
 y - a wand of flame (8)
Scrolls
 e - 2 scrolls of amnesia {unknown}
 i - 2 scrolls of fog {unknown}
 q - a scroll of teleportation {unknown}
 A - a scroll of blinking {unknown}
 C - a scroll of acquirement {unknown}
 D - 2 scrolls of identify {unknown}
Potions
 d - 3 potions of might
 p - 3 potions of mutation {unknown}
 r - 2 potions of degeneration {unknown}
 s - 2 potions of brilliance {unknown}


   Skills:
 + Level 4.6 Fighting
 + Level 5.7 Axes
 + Level 5.2 Armour
 + Level 1.3 Dodging
 + Level 0.7 Stealth
 + Level 4.3 Shields


You had 5 spell levels left.
You didn't know any spells.
Your spell library contained the following spells:

 Spells                   Type           Power      Damage    Failure   Level
 Corpse Rot               Necr/Air       0%         N/A       88%         2
 Sublimation of Blood     Necr           0%         N/A       88%         2
 Dispel Undead            Necr           0%         3d6       100%        4
 Petrify                  Tmut/Erth      0%         N/A       100%        4
 Irradiate                Conj/Tmut      0%         3d14      100%        5
 Death Channel            Necr           0%         N/A       100%        6


Dungeon Overview and Level Annotations

Branches:
Dungeon (4/15)
 Temple: D:4-7

Altars:
Elyvilon
Gozag
Zin

Shops:
D:4 (


Innate Abilities, Weirdness & Mutations

You have a pair of horns on your head.
You reflexively headbutt those who attack you in melee.


Message History

You hit the kobold.
The kobold is severely wounded.
The kobold hits you with a +0 dagger.
You miss the kobold.
The kobold is severely wounded.
The kobold hits you but does no damage. The kobold misses you.
You hit the kobold but do no damage. You headbutt the kobold.
You kill the kobold!
You now have 355 gold pieces (gained 8).
You see here a +0 dagger.
You now have 360 gold pieces (gained 5).
You see here a +0 dagger.
As you open the door, it creaks loudly!
Found 12 gold pieces.
There is an open door here.
You now have 372 gold pieces (gained 12).
As you open the door, it creaks loudly!
There is an open door here.
Found a stone staircase leading up.
You see here a +0 dagger.
You see here a +0 dagger.
An ogre comes into view. It is wielding a +0 giant club.
Found a stone staircase leading down.
The ogre shouts!
An adder comes into view.
The adder hisses angrily.
The ogre hits you with a +0 giant club!!
You hit the ogre.
The ogre is lightly wounded.
You hit the adder. The adder bites you but does no damage.
The ogre hits you with a +0 giant club!!
Ouch! That really hurt!
* * * LOW HITPOINT WARNING * * *
You hit the ogre. You headbutt the ogre!
The ogre is heavily wounded.
You closely miss the adder. You block the adder's attack. The adder bites you.
* * * LOW HITPOINT WARNING * * *
The ogre hits you with a +0 giant club.
You die...
Your body crumbles into a pile of gold.

##..#.##........##
##.###.#
#....##.#.....##
#......# #
#..####.##...##
#.###### # #..#
#.###+## #.# #
#..####.# #.# #
#.......# #####
#.# # #.#########
...# #.# # #....#
##...###.###.# #
####.#
#..>..O@.....# #
##...#S#.##### ...
...#.# # #.####.#
# #.# ..# ###


You could see an ogre and an adder.

Vanquished Creatures
  A phantom (D:4)
  A water moccasin skeleton (D:2)
  A centaur skeleton (D:3)
  Ijyb (D:3)
  Natasha (twice) (D:3)
  A hound skeleton (D:4)
  2 adders
  An adder skeleton (D:3)
  3 dart slugs (D:1)
  3 orcs
  12 endoplasms
  4 giant cockroaches
  4 goblins
  5 hobgoblins
  11 jackals
  6 kobolds
  5 quokkas
  8 ball pythons
  6 bats
  3 frilled lizards
  5 rats
  3 bushes (D:3)
88 creatures vanquished.

Notes
Turn   | Place    | Note
-------+----------+-------------------------------------------
     0 | D:1      | versacejumpsuit the Minotaur Fighter began the quest for
                  | the Orb.
     0 | D:1      | Reached XP level 1. HP: 19/19 MP: 0/0
    98 | D:1      | Found a faded altar of an unknown god.
   115 | D:1      | Reached XP level 2. HP: 14/27 MP: 1/1
   145 | D:1      | Prayed at the altar of an unknown god.
   145 | D:1      | Became a worshipper of Gozag Ym Sagoz the Greedy
   305 | D:1      | Reached XP level 3. HP: 30/33 MP: 2/2
   897 | D:2      | Reached XP level 4. HP: 40/40 MP: 3/3
   943 | D:2      | Found a glowing silver altar of Zin.
  1561 | D:3      | Found a white marble altar of Elyvilon.
  1591 | D:3      | Reached XP level 5. HP: 47/47 MP: 4/4
  1813 | D:3      | Noticed Natasha
  1820 | D:3      | Killed Natasha
  1821 | D:3      | Reached skill level 1 in Dodging
  2225 | D:3      | Noticed Ijyb
  2242 | D:3      | Killed Ijyb
  2243 | D:3      | Reached skill level 5 in Axes
  2396 | D:3      | Noticed Natasha
  2403 | D:3      | Killed Natasha
  2404 | D:3      | Reached skill level 5 in Armour
  2783 | D:4      | Noticed a phantom
  2788 | D:4      | Killed a phantom
  2789 | D:4      | Reached XP level 6. HP: 47/53 MP: 5/5
  2937 | D:4      | Found Vytox's Antique Weapon Shop.
  2958 | D:4      | Bought a bloodstained bardiche for 336 gold pieces
  2958 | D:4      | Identified the +6 bardiche of Dishonour {flame, Int+3
                  | Dex+3} (You bought it in a shop on level 4 of the Dungeon)
  3406 | D:4      | HP: 2/53 [adder (2)]
  3406 | D:4      | Slain by an ogre

Illustrated notes

Levels and vault maps discovered:
D:1:      dpeg_arrival_rooms_a, layout_rooms,
          chequers_ecumenical_altar_simple_redux
D:2:      layout_basic, basic_altar
D:3:      layout_loops_ring, nicolae_elyvilon_peaceful_grove,
          nicolae_uskayaw_suspiria, minmay_quantized, uniq_ijyb, uniq_natasha
D:4:      layout_loops_corners, serial_shops, nicolae_lakefront_shop

Skill      XL: |  1  2  3  4  5 |
---------------+----------------+-----
Fighting       | 4 |  4.6
Shields        | 4 |  4.3
Armour         | 4 5 |  5.2
Axes           | 3 4 5 |  5.7
Dodging        | 1 |  1.3
Stealth        | |  0.7

Action                   |  1- 3 |  4- 6 || total
-------------------------+-------+-------++-------
Melee: War axe           |    73 |   219 ||   292
       Headbutt          |     7 |    58 ||    65
 Stab: Distracted        |       |     1 ||     1
Armor: Scale mail        |    39 |    33 ||    72
Dodge: Dodged            |    41 |    54 ||    95
Block: Buckler           |    18 |    14 ||    32

Table legend: (Time is in decaauts)
 A = Elapsed time spent in this place.
 B = Non-inter-level travel time spent in this place.
 C = Inter-level travel time spent in this place.
 D = Time resting spent in this place.
 E = Time spent auto-exploring this place.
 F = Levels seen in this place.
 G = Mean time per level.
                   A        B        C        D        E       F      G
               +--------+--------+--------+--------+--------+-----+--------+
         Total |   3495 |   3484 |     11 |      0 |      0 |   4 |  873.8 |
       Dungeon |   3495 |   3484 |     11 |      0 |      0 |   4 |  873.8 |
               +--------+--------+--------+--------+--------+-----+--------+

Top non-repeatable levels by time:
     D:3: 1127 daAuts
     D:4: 980 daAuts
     D:2: 837 daAuts
     D:1: 550 daAuts
